 Dungeon Crawl Stone Soup version 0.25.1-2-g60ff931df9 (webtiles) character file.

Game seed: 4416004312928544279

130 DearestLeader the Conjurer (level 4, -5/33 HPs)
             Began as a Draconian Conjurer on Oct 28, 2020.
             Killed by nerve-wracking pain
             ... invoked by Grinder
              (9 damage)
             ... on level 2 of the Dungeon.
             The game lasted 00:06:22 (3332 turns).

DearestLeader the Conjurer (Draconian Conjurer)     Turns: 3332, Time: 00:06:22

Health: -5/33      AC:  6    Str: 11    XL:     4   Next: 89%
Magic:  0/7        EV: 12    Int: 16    God:
Gold:   96         SH:  0    Dex: 11    Spells: 0/7 levels left

rFire    . . .     SeeInvis .   i - +0 dagger
rCold    . . .     Gourm    .   (no shield)
rNeg     . . .     Faith    .   (armour unavailable)
rPois    .         Spirit   .   (helmet restricted)
rElec    .         Reflect  .   (no cloak)
rCorr    .         Harm     .   h - +0 pair of gloves
MR       .....                  (no boots)
Stlth    ++........             (no amulet)
HPRegen  0.11/turn              (no ring)
MPRegen  0.10/turn              (no ring)

@: no status effects
A: unfitting armour, cold-blooded, AC +5
a: no special abilities


You were on level 2 of the Dungeon.
You were not hungry.

You visited 1 branch of the dungeon, and saw 3 of its levels.

You collected 96 gold pieces.

Inventory:

Hand Weapons
 c - a +0 spear
 i - a +0 dagger (weapon)
Missiles
 k - 6 javelins (quivered)
Armour
 h - a +0 pair of gloves (worn)
Scrolls
 a - a scroll of identify {unknown}
 e - a scroll of blinking {unknown}
 f - a scroll of amnesia {unknown}
 l - a scroll of noise {unknown}
Potions
 d - a potion of resistance {unknown}
 g - a potion of curing
 j - 2 potions of lignification {unknown}
 m - a potion of ambrosia {unknown}
 n - a potion of brilliance {unknown}
Comestibles
 b - 4 rations


   Skills:
 - Level 1.7 Dodging
 - Level 1.7 Stealth
 - Level 2.0 Spellcasting
 * Level 6.3 Conjurations


You couldn't memorise any spells.
You knew the following spells:

 Your Spells              Type           Power        Failure   Level  Hunger
a - Magic Dart            Conj           ###.         1%          1    #......
b - Searing Ray           Conj           ###...       2%          2    ###....
c - Fulminant Prism       Conj/Hex       ##........   50%         4    #####..

Your spell library contained the following spells:

 Spells                   Type           Power        Failure   Level  Hunger
 Dazzling Flash           Conj/Hex       ##....       17%         3    ###....
 Iskenderun's Mystic Bla  Conj/Tloc      ##......     50%         4    #####..


Dungeon Overview and Level Annotations

Branches:
Dungeon (3/15)

Altars:
Nemelex Xobeh
Qazlal
Ru

Annotations:
D:2 Grinder


Innate Abilities, Weirdness & Mutations

Your plain brown scales are hard. (AC +5)
You cannot fit into any form of body armour.
You are cold-blooded and may be slowed by cold attacks.


Message History

You completely miss Grinder.
Grinder is almost dead.
Grinder hits you!
* * * LOW HITPOINT WARNING * * *
You writhe in agony.
* * * LOW HITPOINT WARNING * * *
Grinder blinks!
Casting: Searing Ray (safe; 2% risk of failure)
Confirm with . or Enter, or press ? or * to list all spells.
Aiming: Magic Dart (safe; 1% risk of failure)
Press: ? - help, Shift-Dir - straight line, f/p - Grinder
Aim: Grinder (almost dead)
The magic dart hits Grinder but does no damage.
Grinder is almost dead.
Grinder gestures at you. Pain shoots through your body!
* * * LOW HITPOINT WARNING * * *
Grinder gestures at you. Pain shoots through your body!
You die...

#.###...##.# #.##.##..#.#.#.#.#
#..##.####.# #.##.##.#.########
##.##.# #.#####.......).# #
##.##.## #.............######
#......###..#######.##......##
..#.............)....(.......#
#.......##...#.####.##.####..#
.............#.####.##.# #..#
#...............@.5.##.####..####
#...(..........#####.......(.....
###...(......######.....###..####
#....##.###............##..#
###....##.# #.###.........#..#
).)..<.##.###.# #............#
#####..)......# #.........#.##
##.#.#...#..# #....>...##.#
##.##..###...# #.#.....###.#


You could see Grinder.

Vanquished Creatures
  A gnoll (D:1)
  3 adders
  An ooze (D:1)
  2 worms (D:2)
  3 dart slugs
  2 leopard geckos
  4 giant cockroaches
  3 goblins
  12 hobgoblins
  12 jackals
  4 kobolds
  A quokka (D:2)
  7 bats
  6 frilled lizards
  11 rats
72 creatures vanquished.

Notes
Turn   | Place    | Note
-------+----------+-------------------------------------------
     0 | D:1      | DearestLeader the Draconian Conjurer began the quest for
                  | the Orb.
     0 | D:1      | Reached XP level 1. HP: 14/14 MP: 3/3
   135 | D:1      | Reached XP level 2. HP: 6/20 MP: 0/5
   829 | D:1      | Reached skill level 5 in Conjurations
   849 | D:1      | Reached XP level 3. HP: 26/26 MP: 6/6
  1757 | D:2      | Reached XP level 4. HP: 30/33 MP: 2/7
  2235 | D:2      | You fall into a shaft and drop 1 floor!
  2750 | D:2      | Learned a level 2 spell: Searing Ray
  2755 | D:2      | Learned a level 4 spell: Fulminant Prism
  2905 | D:2      | Reached skill level 6 in Conjurations
  3080 | D:3      | Found a sparkling altar of Nemelex Xobeh.
  3080 | D:3      | Found a stormy altar of Qazlal.
  3080 | D:3      | Found a sacrificial altar of Ru.
  3308 | D:3      | Noticed Grinder
  3332 | D:2      | Killed from afar by Grinder

Illustrated notes

Levels and vault maps discovered:
D:1:      lightli_arrival_windingriver, layout_loops_ring,
          corexii_hall_statues_deadend, minmay_misc_feat_five
D:2:      layout_loops_ring, kennysheep_crisscross
D:3:      layout_loops_ring, grunt_gozag_breadcrumbs,
          chequers_temple_overflow_statue_of_worship, uniq_grinder, uniq_sigmund

Skill      XL: |  1  2  3  4 |
---------------+-------------+-----
Conjurations   | 5 6 |  6.3
Dodging        | |  1.7
Stealth        | |  1.7
Spellcasting   | |  2.0

Action                   |  1- 3 |  4- 6 || total
-------------------------+-------+-------++-------
Melee: Spear             |   100 |       ||   100
       Tailslap          |    10 |    10 ||    20
       Unarmed           |     1 |       ||     1
       Dagger            |    61 |   103 ||   164
Throw: Javelin           |     5 |       ||     5
 Cast: Magic Dart        |    23 |    30 ||    53
       Searing Ray       |       |     5 ||     5
  Use: Potion            |       |     1 ||     1
 Stab: Sleeping          |     6 |       ||     6
  Eat: Chunk             |     3 |     6 ||     9
Armor: Skin              |    64 |    59 ||   123
Dodge: Dodged            |   120 |   107 ||   227
